IL
ROCHESTER RED WINGS @ SCRANTON WB RAILRIDERS
08/12/2048
 
TOP OF THE 1ST
Rochester Red Wings batting - Pitching for Scranton WB RailRiders : RHP Devon Wiley
Pitching: RHP Devon Wiley
Batting: RHB Cyril Husson 0-0: Foul Ball, location: 2F
0-1: Ball
1-1: Ball
2-1: Ball
3-1: Swinging Strike
3-2: Strikes out looking
Batting: RHB Mike Craver 0-0: Foul Ball, location: 2F
0-1: Fly out, F9 (Line Drive, 9LS, EV 93.8 MPH)
Batting: LHB Chris Munguia 0-0: Ball
1-0: Called Strike
1-1: Ball
2-1: Ground out U3 (Groundball, 3, EV 107.5 MPH)
Top of the 1st over - 0 runs, 0 hits, 0 errors, 0 left on base; Rochester 0 - Scranton WB 0
BOTTOM OF THE 1ST
Scranton WB RailRiders batting - Pitching for Rochester Red Wings : RHP Bryan Hallman
Pitching: RHP Bryan Hallman
Batting: RHB Devon Utley 0-0: Ball
1-0: Ball
2-0: Foul Ball, location: 2F
2-1: Swinging Strike
2-2: Foul Ball, location: 2F
2-2: Ball
3-2: Foul Ball, location: 2F
3-2: Base on Balls
Batting: LHB Aaron Joyner 0-0: Called Strike
0-1: Foul Ball, location: 2F
0-2: Ball
1-2: Foul Ball, location: 2F
1-2: Ball
Devon Utley is caught stealing 2nd base 2-6
2-2: Strikes out swinging
Batting: SHB Mukhtar Wa'il 0-0: Called Strike
0-1: Called Strike
0-2: Ball
1-2: Foul Ball, location: 2F
1-2: Ball
2-2: Strikes out swinging
Bottom of the 1st over - 0 runs, 0 hits, 0 errors, 0 left on base; Rochester 0 - Scranton WB 0
TOP OF THE 2ND
Rochester Red Wings batting - Pitching for Scranton WB RailRiders : RHP Devon Wiley
Batting: SHB Dan Morataya 0-0: Ball
1-0: Called Strike
1-1: Ball
2-1: Ball
3-1: Foul Ball, location: 2F
3-2: Base on Balls
Batting: RHB Juan Espinoza 0-0: Called Strike
0-1: Foul Ball, location: 2F
0-2: Ball
1-2: Ball
2-2: Ball
3-2: Fielders Choice at 2nd, 1-6 (Groundball, 34S, EV 73.1 MPH)
Batting: LHB Jayden Thomas 0-0: SINGLE (Groundball, 34S, EV 81.9 MPH) (infield hit)
Juan Espinoza to second
Batting: RHB Manuel Juarez 0-0: Ball
1-0: Grounds into double play, 5-4-3 (Groundball, 56, EV 102.5 MPH)
Top of the 2nd over - 0 runs, 1 hit, 0 errors, 1 left on base; Rochester 0 - Scranton WB 0
BOTTOM OF THE 2ND
Scranton WB RailRiders batting - Pitching for Rochester Red Wings : RHP Bryan Hallman
Batting: SHB Ryan Buchbinder 0-0: Called Strike
0-1: Ball
1-1: Swinging Strike
1-2: Ball
2-2: Strikes out swinging
Batting: LHB Dan Morris 0-0: Ball
1-0: Ball
2-0: Fly out, F7 (Flyball, 7D, EV 100.6 MPH)
Batting: RHB Andy Wasierski 0-0: Ball
1-0: Called Strike
1-1: Ball
2-1: Called Strike
2-2: Foul Ball, location: 2F
2-2: Ball
3-2: Foul Ball, location: 2F
3-2: Foul Ball, location: 2F
3-2: Base on Balls
Batting: SHB Joe Fure 0-0: Called Strike
0-1: Ball
1-1: Ball
2-1: Ball
3-1: Foul Ball, location: 2F
3-2: Foul Ball, location: 2F
3-2: Foul Ball, location: 2F
3-2: Fly out, F9 (Line Drive, 9S, EV 93.1 MPH)
Bottom of the 2nd over - 0 runs, 0 hits, 0 errors, 1 left on base; Rochester 0 - Scranton WB 0
TOP OF THE 3RD
Rochester Red Wings batting - Pitching for Scranton WB RailRiders : RHP Devon Wiley
Batting: RHB Ryan Gautney 0-0: Fly out, F5 (Popup, 25F, EV 86.2 MPH)
Batting: RHB Jeremy Witt 0-0: Ball
1-0: Reached on error, E6 (Groundball, 6, EV 98.8 MPH)
Batting: RHB Cyril Husson 0-0: Called Strike
0-1: Ball
1-1: Ball
2-1: Foul Ball, location: 2F
2-2: Strikes out looking
Batting: RHB Mike Craver 0-0: Called Strike
0-1: Ball
Pickoff Throw to First - Out! 1-3
Top of the 3rd over - 0 runs, 0 hits, 1 error, 0 left on base; Rochester 0 - Scranton WB 0
BOTTOM OF THE 3RD
Scranton WB RailRiders batting - Pitching for Rochester Red Wings : RHP Bryan Hallman
Batting: RHB Mike Plugge 0-0: Ball
1-0: Called Strike
1-1: Foul Ball, location: 2F
1-2: Fly out, F8 (Flyball, 8LM, EV 93.1 MPH)
Batting: RHB Jordan Barragan 0-0: Swinging Strike
0-1: Called Strike
0-2: Strikes out swinging
Batting: RHB Devon Utley 0-0: Foul Ball, location: 2F
0-1: Foul Ball, location: 2F
0-2: Ball
1-2: Ball
2-2: Ground out 5-3 (Groundball, 56S, EV 71.9 MPH)
Bottom of the 3rd over - 0 runs, 0 hits, 0 errors, 0 left on base; Rochester 0 - Scranton WB 0
TOP OF THE 4TH
Rochester Red Wings batting - Pitching for Scranton WB RailRiders : RHP Devon Wiley
Batting: RHB Mike Craver 0-0: Ball
1-0: Foul Ball, location: 2F
1-1: SOLO HOME RUN (Flyball, 9LD, EV 94.4 MPH), Distance : 342 ft
Batting: LHB Chris Munguia 0-0: Called Strike
0-1: Ball
1-1: Ground out 5-3 (Groundball, 15, EV 81.2 MPH)
Batting: SHB Dan Morataya 0-0: Called Strike
0-1: Called Strike
0-2: Strikes out swinging
Batting: RHB Juan Espinoza 0-0: Ball
1-0: Ball
2-0: Ball
3-0: Called Strike
3-1: Base on Balls
Batting: LHB Jayden Thomas 0-0: Ball
1-0: Called Strike
1-1: Swinging Strike
1-2: Foul Ball, location: 2F
1-2: Fly out, F7 (Line Drive, 78S, EV 88.8 MPH)
Top of the 4th over - 1 run, 1 hit, 0 errors, 1 left on base; Rochester 1 - Scranton WB 0
BOTTOM OF THE 4TH
Scranton WB RailRiders batting - Pitching for Rochester Red Wings : RHP Bryan Hallman
Batting: LHB Aaron Joyner 0-0: Called Strike
0-1: Ground out 6-3 (Groundball, 6MD, EV 76.9 MPH)
Batting: SHB Mukhtar Wa'il 0-0: Fly out, F2 (Popup, 2LF, EV 94.4 MPH)
Batting: SHB Ryan Buchbinder 0-0: Foul Ball, location: 2F
0-1: Ball
1-1: Foul Ball, location: 2F
1-2: Foul Ball, location: 2F
1-2: Strikes out swinging
Bottom of the 4th over - 0 runs, 0 hits, 0 errors, 0 left on base; Rochester 1 - Scranton WB 0
TOP OF THE 5TH
Rochester Red Wings batting - Pitching for Scranton WB RailRiders : RHP Devon Wiley
Batting: RHB Manuel Juarez 0-0: Ball
1-0: Ball
2-0: Ball
3-0: Called Strike
3-1: Base on Balls
Batting: RHB Ryan Gautney 0-0: Grounds into double play, 5-4-3 (Groundball, 56, EV 78.1 MPH)
Batting: RHB Jeremy Witt 0-0: Ball
1-0: Ground out 4-3 (Groundball, 4, EV 85.6 MPH)
Top of the 5th over - 0 runs, 0 hits, 0 errors, 0 left on base; Rochester 1 - Scranton WB 0
BOTTOM OF THE 5TH
Scranton WB RailRiders batting - Pitching for Rochester Red Wings : RHP Bryan Hallman
Batting: LHB Dan Morris 0-0: Foul Ball, location: 2F
0-1: Ball
1-1: SOLO HOME RUN (Line Drive, 7LD, EV 94.4 MPH), Distance : 350 ft
Batting: RHB Andy Wasierski 0-0: Called Strike
0-1: Swinging Strike
0-2: Hit by Pitch
Batting: SHB Joe Fure 0-0: Ball
1-0: Ball
2-0: Called Strike
2-1: Foul Ball, location: 2F
2-2: Ball
3-2: Base on Balls
Andy Wasierski to second
Batting: RHB Mike Plugge 0-0: Ball
1-0: Grounds into double play, 6-4-3 (Groundball, 56, EV 85.6 MPH)
Andy Wasierski to third
Batting: RHB Jordan Barragan 0-0: Ball
1-0: Called Strike
1-1: Ball
2-1: Foul Ball, location: 2F
2-2: Foul Ball, location: 2F
2-2: Ground out 6-3 (Groundball, 6, EV 104.4 MPH)
Bottom of the 5th over - 1 run, 1 hit, 0 errors, 1 left on base; Rochester 1 - Scranton WB 1
TOP OF THE 6TH
Rochester Red Wings batting - Pitching for Scranton WB RailRiders : RHP Devon Wiley
Batting: RHB Cyril Husson 0-0: Ball
1-0: Ball
2-0: Called Strike
2-1: Ball
3-1: Foul Ball, location: 2F
3-2: Strikes out looking
Batting: RHB Mike Craver 0-0: Called Strike
0-1: Ground out 6-3 (Groundball, 4M, EV 84.4 MPH)
Batting: LHB Chris Munguia 0-0: Called Strike
0-1: Called Strike
0-2: Ball
1-2: Ball
2-2: Ball
3-2: SINGLE (Groundball, 6M, EV 105.0 MPH)
Batting: SHB Dan Morataya 0-0: Ball
1-0: Ground out 4-3 (Groundball, 13, EV 84.4 MPH)
Top of the 6th over - 0 runs, 1 hit, 0 errors, 1 left on base; Rochester 1 - Scranton WB 1
BOTTOM OF THE 6TH
Scranton WB RailRiders batting - Pitching for Rochester Red Wings : RHP Bryan Hallman
Batting: RHB Devon Utley 0-0: Called Strike
0-1: Called Strike
0-2: Strikes out swinging
Batting: LHB Aaron Joyner 0-0: Foul Ball, location: 2F
0-1: Ball
1-1: Ball
2-1: Ball
3-1: Foul Ball, location: 2F
3-2: Base on Balls
Batting: SHB Mukhtar Wa'il 0-0: Ball
1-0: Called Strike
1-1: Called Strike
Aaron Joyner steals 2nd base
1-2: Ball
2-2: Strikes out swinging
Batting: SHB Ryan Buchbinder 0-0: Called Strike
0-1: Called Strike
0-2: Ball
1-2: Strikes out swinging
Bottom of the 6th over - 0 runs, 0 hits, 0 errors, 1 left on base; Rochester 1 - Scranton WB 1
TOP OF THE 7TH
Rochester Red Wings batting - Pitching for Scranton WB RailRiders : RHP Devon Wiley
Batting: RHB Juan Espinoza 0-0: Ball
1-0: Ball
2-0: Fly out, F8 (Flyball, 8RD, EV 90.0 MPH)
Batting: LHB Jayden Thomas 0-0: Ball
1-0: Swinging Strike
1-1: SINGLE (Groundball, 34D, EV 101.2 MPH)
Batting: RHB Manuel Juarez 0-0: Fielders Choice at 2nd, 1-6 (Groundball, 13S, EV 63.8 MPH)
Pitching: RHP Soh Kawashima
Batting: RHB Ryan Gautney 0-0: Ball
1-0: Ball
2-0: DOUBLE (Line Drive, 3D, EV 88.1 MPH)
Manuel Juarez to third
Batting: RHB Jeremy Witt 0-0: Called Strike
0-1: Ball
1-1: Ground out 5-3 (Groundball, 56, EV 83.1 MPH)
Top of the 7th over - 0 runs, 2 hits, 0 errors, 2 left on base; Rochester 1 - Scranton WB 1
BOTTOM OF THE 7TH
Scranton WB RailRiders batting - Pitching for Rochester Red Wings : RHP Bryan Hallman
Pitching: LHP Brian Rhyne
Batting: LHB Dan Morris 0-0: Called Strike
0-1: Called Strike
0-2: Strikes out looking
Batting: RHB Andy Wasierski 0-0: SOLO HOME RUN (Flyball, 9LD, EV 95.0 MPH), Distance : 343 ft
Batting: SHB Joe Fure 0-0: Foul Ball, location: 2F
0-1: Called Strike
0-2: Ball
1-2: Ball
2-2: Foul Ball, location: 2F
2-2: Strikes out looking
Pinch Hitting: RHB Alfredo Rodriguez 0-0: Ball
1-0: Ball
2-0: Called Strike
2-1: Ball
3-1: Called Strike
3-2: Foul Ball, location: 2F
3-2: Foul Ball, location: 2F
3-2: Fly out, F7 (Flyball, 7, EV 78.1 MPH)
Bottom of the 7th over - 1 run, 1 hit, 0 errors, 0 left on base; Rochester 1 - Scranton WB 2
TOP OF THE 8TH
Rochester Red Wings batting - Pitching for Scranton WB RailRiders : RHP Soh Kawashima
Now at 3B: Eric Davis
Batting: RHB Cyril Husson 0-0: Called Strike
0-1: Ball
1-1: Ball
2-1: Ground out 4-3 (Groundball, 4, EV 105.0 MPH)
Batting: RHB Mike Craver 0-0: Foul Ball, location: 2F
0-1: Ball
1-1: Ball
2-1: Foul Ball, location: 2F
2-2: Foul Ball, location: 2F
2-2: Fly out, F9 (Flyball, 89D, EV 80.0 MPH)
Batting: LHB Chris Munguia 0-0: SINGLE (Flyball, 8LS, EV 96.9 MPH)
Batting: SHB Dan Morataya 0-0: Ball
1-0: Ball
2-0: Called Strike
2-1: SINGLE (Flyball, 3D, EV 83.8 MPH)
Chris Munguia to second
Runner from 2nd tries for 3rd, OUT! 9-5
Top of the 8th over - 0 runs, 2 hits, 0 errors, 1 left on base; Rochester 1 - Scranton WB 2
BOTTOM OF THE 8TH
Scranton WB RailRiders batting - Pitching for Rochester Red Wings : LHP Brian Rhyne
Pitching: RHP Matthew Lange
Pinch Hitting: LHB Jose Lebron 0-0: Called Strike
0-1: Foul Ball, location: 2F
0-2: Ball
1-2: Foul Ball, location: 2F
1-2: Ground out 6-3 (Groundball, 6M, EV 85.6 MPH)
Batting: RHB Devon Utley 0-0: Called Strike
0-1: Ball
1-1: Ball
2-1: Called Strike
2-2: Foul Ball, location: 2F
2-2: Ball
3-2: Strikes out swinging
Batting: LHB Aaron Joyner 0-0: Called Strike
0-1: Foul Ball, location: 2F
0-2: Strikes out swinging
Bottom of the 8th over - 0 runs, 0 hits, 0 errors, 0 left on base; Rochester 1 - Scranton WB 2
TOP OF THE 9TH
Rochester Red Wings batting - Pitching for Scranton WB RailRiders : RHP Soh Kawashima
Pitching: RHP Mark Stafford
Now at 1B: Paul Diaz
Now at SS: Josh Zoglmann
Batting: RHB Juan Espinoza 0-0: Called Strike
0-1: Swinging Strike
0-2: Ball
1-2: Ball
2-2: Ball
3-2: Strikes out swinging
Batting: LHB Jayden Thomas 0-0: Ball
1-0: Ground out 1-3 (Groundball, 15S, EV 66.9 MPH)
Batting: RHB Manuel Juarez 0-0: Called Strike
0-1: Fly out, F8 (Line Drive, 8RD, EV 90.6 MPH)
Top of the 9th over - 0 runs, 0 hits, 0 errors, 0 left on base; Rochester 1 - Scranton WB 2
Tuesday, March 28th , 2023 - OOTP Baseball 23.10 Build 110